 Dungeon Crawl Stone Soup version 0.29.1-15-g9cfb28693d (webtiles) character file.

Game seed: 9834262197951334038

2727 buddyman2291 the Carver (level 9, -4/78 HPs)
             Began as a Minotaur Berserker on Apr 20, 2023.
             Was an Elder of Trog.
             Slain by a two-headed ogre
             ... wielding a +0 giant spiked club
              (21 damage)
             ... on level 8 of the Dungeon on Apr 24, 2023.
             The game lasted 01:14:32 (4984 turns).

buddyman2291 the Carver (Minotaur Berserker)        Turns: 4984, Time: 01:14:38

Health: -4/78      AC: 18    Str: 25    XL:     9   Next: 40%
Magic:  8/8        EV:  7    Int:  4    God:    Trog [****..]
Gold:   366        SH:  9    Dex: 11    Spells: 8/8 levels left

rFire   . . .      SeeInvis .   Y - +2 mace (holy)
rCold   . . .      Faith    .   q - +0 kite shield
rNeg    + . .      Spirit   .   P - +0 plate armour
rPois   +          Reflect  .   (helmet restricted)
rElec   .          Harm     .   (no cloak)
rCorr   .          Rampage  .   (no gloves)
Will    +++..                   K - +2 pair of boots
Stlth   ..........              (no amulet)
HPRegen 1.23/turn               E - ring of willpower
MPRegen 0.11/turn               p - ring of positive energy

@: about to teleport, strong-willed, on berserk cooldown, regenerating, slowed,
very slow
A: horns 2, retaliatory headbutt, iridescent scales 1, poison resistance
a: Renounce Religion, Berserk, Trog's Hand, Brothers in Arms


You were on level 8 of the Dungeon.
You worshipped Trog.
Trog was greatly pleased with you.
You visited 2 branches of the dungeon, and saw 9 of its levels.
You also visited: Sewer.

You collected 366 gold pieces.

Inventory:

Hand Weapons
 a - a +1 falchion
 i - a +1 dagger of venom
 l - a +0 lajatang
 v - a +1 whip of draining
 x - a +1 rapier of draining
 y - a +2 short sword of distortion
 A - a +1 dagger of venom
 C - a +4 rapier
 D - a +0 sling
 H - a +0 flail
 I - a +3 falchion of draining
 X - a +0 giant club
 Y - a +2 mace of holy wrath (weapon)
Missiles
 g - 61 stones
 k - 6 boomerangs (quivered)
 s - 6 poisoned darts
 G - a curare-tipped dart
Armour
 c - a +0 pair of boots
 d - a +0 ring mail
 q - a +0 kite shield (worn)
 t - a +0 scale mail
 F - the +0 robe "Yniyxas" {rF+ Str+4 Int+4}
   (You found it on level 4 of the Dungeon)

   Str:       It affects your strength (+4).
   Int:       It affects your intelligence (+4).
   rF:        It protects you from fire.
 K - a +2 pair of boots (worn)
 P - a +0 plate armour (worn)
Jewellery
 b - a ring of magical power
 f - a ring of poison resistance
 h - a +6 ring of intelligence
 p - a ring of positive energy (right hand)
 u - a ring of resist corrosion
 E - a ring of willpower (left hand)
 Z - a ring of poison resistance
Wands
 w - a wand of mindburst (21)
Scrolls
 m - a scroll of blinking {unknown}
 n - a scroll of magic mapping {unknown}
 N - a scroll of teleportation
 O - 2 scrolls of vulnerability {unknown}
 R - a scroll of enchant weapon
 U - a scroll of silence {unknown}
Potions
 e - a potion of flight
 j - a potion of degeneration
 o - a potion of haste {unknown}
 r - 3 potions of attraction
 z - a potion of brilliance {unknown}
 B - 2 potions of curing {unknown}
 J - a potion of mutation
 L - a potion of heal wounds {unknown}
 M - 2 potions of invisibility
 Q - 2 potions of cancellation
 S - a potion of berserk rage
 T - 2 potions of lignification {unknown}


   Skills:
 + Level 6.8 Fighting
 + Level 3.5(6.8) Short Blades
 + Level 10.0(10.3) Long Blades
 + Level 1.3 Maces & Flails
 + Level 0.1 Ranged Weapons
 + Level 0.5 Throwing
 + Level 6.5 Armour
 + Level 4.7 Dodging
 + Level 1.1 Stealth
 + Level 5.7 Shields


You had 8 spell levels left.
You didn't know any spells.
Your spell library was empty.

Dungeon Overview and Level Annotations

Branches:
Dungeon (8/15)             Temple (1/1) D:5           Sewer (visited)
   Lair: D:8-11

Altars:
Dithmenos
Elyvilon
Gozag
Hepliaklqana
Makhleb
Nemelex Xobeh
Qazlal
Ru
Sif Muna
Wu Jian
Yredelemnul
The Shining One

Shops:
D:7 *


Innate Abilities, Weirdness & Mutations

You have a pair of horns on your head.
You reflexively headbutt those who attack you in melee.
You are partially covered in iridescent scales. (AC +2)
Your system is resistant to poisons. (rPois)


Message History

The killer bee barely misses you. You furiously retaliate!
You headbutt the killer bee!
You kill the killer bee!
Trog accepts your kill. You block something's attack.
Something hits you but does no damage. Something hits you.
The killer bee stings you but does no damage. x2
The killer bee attacks as you move away!
You block the killer bee's attack. The killer bee barely misses you.
The killer bee stings you but does no damage.
The killer bee closely misses you. You furiously retaliate!
You headbutt the killer bee! You block the killer bee's attack.
The killer bee stings you.
The killer bee stings you but does no damage.
The killer bee stings you but does no damage. x2
The killer bee stings you but does no damage.
An orc comes into view.
It is wielding a +0 mace and quivering poisoned darts.
The killer bee stings you but does no damage.
The killer bee stings you but does no damage.
The orc throws a poisoned dart.
The poisoned dart barely misses you.
As you read the scroll of teleportation, it crumbles to dust.
You feel strangely unstable.
The two-headed ogre hits you with a +0 giant spiked club!!
* * * LOW HITPOINT WARNING * * *
You block the two-headed ogre's attack. The killer bee closely misses you.
You sock the two-headed ogre!
Your headbutt misses the two-headed ogre.
The two-headed ogre is severely wounded.
An orc wizard appears from thin air!
Reactivating autopickup.
The killer bee stings you but does no damage. x2
You block the killer bee's attack.
The two-headed ogre hits you with a +0 giant spiked club!
* * * LOW HITPOINT WARNING * * *
The two-headed ogre hits you but does no damage.
The killer bee stings you but does no damage.
You block the killer bee's attack. The two-headed ogre barely misses you.
The two-headed ogre hits you with a +0 giant spiked club!!
You die...

#....##.....###...
#...# #...).......#
#..# #....>##....#
.###..###............
.......##...#.##...#.
.......#....## ..#
#.....oo...# ..
..##....yO##....# . ..
#........@##.......
..##...##....###.....#
.......###.o.## ......
.......^.....####......
.......................
#..........#....#.
...........#...##
.................
..................


You could see a two-headed ogre, a killer bee, 2 orc wizards and an orc.

Vanquished Creatures
  4 yaks (D:6)
  Pargi (Sewer)
  2 orc warriors
  A black bear (D:4)
  A sky beast (D:7)
  An ogre (D:5)
  2 phantoms
  2 kobold brigands
  A necrophage (D:4)
  3 bullfrogs
  2 scorpions
  5 killer bees (D:8)
  The ghost of leafyfresh the Sneak, a weakling OpDe (D:3)
  A howler monkey (D:5)
  A crimson imp (D:3)
  2 hounds
  3 jellies
  A gnoll bouda (D:6)
  An orc priest (D:4)
  4 iguanas
  3 orc wizards
  5 gnolls (D:6)
  9 adders
  A white imp (D:6)
  A worm (D:4)
  3 dart slugs
  16 orcs
  8 bats
  2 endoplasms
  5 giant cockroaches
  5 goblins
  5 hobgoblins
  3 quokkas
  8 ball pythons
  A frilled lizard (D:1)
  3 goblin skeletons (D:3)
  A hobgoblin zombie (D:3)
  19 kobolds
  A kobold skeleton (D:3)
  A kobold zombie (D:3)
  An orc skeleton (D:3)
  An orc zombie (D:3)
  4 rats
145 creatures vanquished.

Vanquished Creatures (others)
  2 fungi (D:3)
  2 plants (D:3)
4 creatures vanquished.

Grand Total: 149 creatures vanquished

Notes
Turn   | Place    | Note
-------+----------+-------------------------------------------
     0 | D:1      | buddyman2291 the Minotaur Berserker began the quest for the
                  | Orb.
     0 | D:1      | Reached XP level 1. HP: 19/19 MP: 0/0
   259 | D:1      | Reached XP level 2. HP: 26/27 MP: 1/1
   338 | D:1      | Reached skill level 4 in Long Blades
   341 | D:1      | Found a faded altar of an unknown god.
   616 | D:2      | Reached XP level 3. HP: 33/33 MP: 2/2
  1177 | D:3      | Found a runed translucent gate.
  1177 | D:3      | Found a runed translucent gate.
  1177 | D:3      | Found a runed translucent gate.
  1178 | D:3      | Noticed a kobold brigand
  1179 | D:3      | Noticed leafyfresh's ghost (weakling OpDe)
  1208 | D:3      | Found a glowing golden altar of the Shining One.
  1223 | D:3      | Reached XP level 4. HP: 40/40 MP: 3/3
  1225 | D:3      | Reached ** piety under Trog
  1312 | D:3      | Found a sparkling altar of Nemelex Xobeh.
  1417 | D:3      | Killed leafyfresh's ghost
  1418 | D:3      | Reached skill level 5 in Long Blades
  1424 | D:3      | Killed a kobold brigand
  1425 | D:3      | Reached XP level 5. HP: 40/47 MP: 4/4
  1498 | D:4      | Found a basalt altar of Yredelemnul.
  1603 | D:4      | Identified the +0 robe "Yniyxas" {rF+ Str+4 Int+4}
  1757 | D:4      | Reached skill level 6 in Long Blades
  1757 | D:4      | Reached XP level 6. HP: 45/53 MP: 5/5
  1812 | D:4      | Reached skill level 1 in Shields
  2023 | D:4      | Reached skill level 1 in Short Blades
  2045 | D:4      | Reached XP level 7. HP: 53/60 MP: 6/6
  2116 | D:4      | Gained mutation: Your system is resistant to poisons.
                  | (rPois) [potion of mutation]
  2116 | D:4      | Gained mutation: You are partially covered in iridescent
                  | scales. (AC +2) [potion of mutation]
  2365 | D:5      | Entered Level 5 of the Dungeon
  2433 | D:5      | Found a staircase to the Ecumenical Temple.
  2441 | D:5      | Reached *** piety under Trog
  2511 | D:5      | Found a glowing drain.
  2525 | D:5      | Reached skill level 5 in Fighting
  2536 | Sewer    | Entered a sewer
  2565 | Sewer    | Noticed Pargi
  2575 | Sewer    | Killed Pargi
  2576 | Sewer    | Reached skill level 7 in Long Blades
  2637 | D:5      | Found an opulent altar of Gozag.
  2732 | D:5      | Found a sacrificial altar of Ru.
  2859 | Temple   | Entered the Ecumenical Temple
  2996 | D:6      | Reached XP level 8. HP: 66/68 MP: 7/7
  3033 | D:6      | Reached skill level 8 in Long Blades
  3144 | D:6      | Reached skill level 5 in Armour
  3241 | D:6      | Reached skill level 1 in Stealth
  3245 | D:6      | Reached skill level 9 in Long Blades
  3897 | D:7      | Reached XP level 9. HP: 74/77 MP: 8/8
  3976 | D:7      | Reached skill level 5 in Shields
  4045 | D:7      | Found a shimmering blue altar of Sif Muna.
  4629 | D:7      | Found Ytuxiefu's Gadget Gallery.
  4836 | D:8      | Reached skill level 10 in Long Blades
  4881 | D:8      | Reached **** piety under Trog
  4904 | D:8      | Reached skill level 1 in Maces & Flails
  4951 | D:8      | Noticed a two-headed ogre
  4984 | D:8      | Slain by a two-headed ogre

Illustrated notes

Levels and vault maps discovered:
D:1:      dpeg_arrival_more_subterranean_lakeside_camping, layout_basic,
          ebering_ecumenical_altar_mist, corexii_corridor_pit
D:2:      kb_forest_paths, layout_basic, minivault_27
D:3:      layout_loops_cross, nicolae_tso_besieged_by_evil, lemuel_round_altar,
          gammafunk_ghost_nasty_kobolds, ebering_dispersal_statue_hall,
          lemuel_flame_loot_1
D:4:      layout_basic, mainiacjoe_overflow_cross_hatched,
          kennysheep_small_spiral, chequers_serial_rivers_micro_b,
          minmay_fractal_squares_diagonal_5
D:5:      layout_rooms, nicolae_gozag_seed_capital,
          mainiacjoe_overflow_surrounded_room, minmay_temple_entry_crystal_x,
          gup_sewer_entry_glass
D:6:      layout_rooms
D:7:      layout_layer_cave, led_sif_book, nicolae_shop_gadgets
D:8:      layout_cave_pools
Temple:   eino_temple_lava

Skill      XL: |  1  2  3  4  5  6  7  8  9 |
---------------+----------------------------+-----
Fighting       | 4 5 6 |  6.8
Long Blades    | 4 5 6 7 9 10 | 10.0
Dodging        | 3 4 |  4.7
Armour         | 3 4 6 |  6.5
Shields        | 1 3 4 5 |  5.7
Short Blades   | 2 3 |  3.5
Stealth        | 1 |  1.1
Maces & Flails | 1 |  1.3
Ranged Weapons | |  0.1
Throwing       | |  0.5

Action                   |  1- 3 |  4- 6 |  7- 9 || total
-------------------------+-------+-------+-------++-------
Melee: Falchion          |    62 |    54 |   164 ||   280
       Headbutt          |     7 |    11 |    36 ||    54
       Punch             |     1 |       |       ||     1
       Rapier            |       |    26 |    47 ||    73
       Flail             |       |       |    20 ||    20
       Mace              |       |       |    16 ||    16
 Fire: Sling             |       |       |     3 ||     3
Throw: Stone             |     2 |     1 |     2 ||     5
       Dart              |       |       |     6 ||     6
       Throwing net      |       |       |     1 ||     1
       Boomerang         |       |       |     1 ||     1
Invok: Berserk           |     1 |     2 |     6 ||     9
       Trog's Hand       |       |       |     2 ||     2
  Use: Potion            |     1 |       |     2 ||     3
       Scroll            |       |     4 |     9 ||    13
Armor: Animal skin       |     8 |       |       ||     8
       Ring mail         |    17 |     2 |       ||    19
       Scale mail        |       |    34 |    13 ||    47
       Plate armour      |       |       |   251 ||   251
Dodge: Dodged            |    32 |    28 |    85 ||   145
Block: Kite shield       |       |    22 |   120 ||   142
